 Dungeon Crawl Stone Soup version 0.23.1-38-g628c18f (webtiles) character file.

Game seed: 3296623730555718385

1615 Borgoz the Cutter (level 9, -9/87 HPs)
             Began as a Halfling Gladiator on Mar 28, 2019.
             Was an Initiate of Ashenzari.
             Mangled by an orc wizard
             ... wielding a +2 dagger of electrocution
              (15 damage)
             ... on level 6 of the Dungeon.
             The game lasted 00:09:37 (5828 turns).

Borgoz the Cutter (Halfling Gladiator)              Turns: 5828, Time: 00:09:38

Health: -9/87      AC: 24    Str: 17    XL:     9   Next: 17%
Magic:  9/9        EV:  3    Int:  6    God:    Ashenzari [......]
Gold:   710        SH:  0    Dex: 17    Spells: 8/8 levels left

rFire    . . .     SeeInvis .   a - +0 rapier
rCold    . . .     Gourm    .   (shield restricted)
rNeg     + + +     Faith    .   (armour currently unavailable)
rPois    +         Spirit   .   (helmet currently unavailable)
rElec    .         Reflect  .   (cloak currently unavailable)
rCorr    .         Harm     .   (gloves currently unavailable)
MR       .....     NoTele   +   (boots currently unavailable)
Stlth    +++.......             (no amulet)
HPRegen  0.24/turn              l - +2 ring of evasion (curse)
MPRegen  0.11/turn              (no ring)

@: tree-form
A: small, mutation resistance 1
a: Curse Item, Renounce Religion


You were on level 6 of the Dungeon.
You worshipped Ashenzari.
Ashenzari was noncommittal.
You were near starving.
You were a tree.
You visited 2 branches of the dungeon, and saw 7 of its levels.

You collected 710 gold pieces.

Inventory:

Hand Weapons
 a - a +0 rapier (weapon)
 k - a +0 rapier
Missiles
 D - 7 steel tomahawks (quivered)
 E - 8 tomahawks
Armour
 b - a +0 leather armour (melded)
 n - a +0 cloak (melded)
 r - a +1 helmet (melded)
 s - a cursed +0 pair of gloves (melded)
Jewellery
 l - a cursed +2 ring of evasion (left branch)
 o - a cursed -3 ring of protection
 t - an uncursed ring of protection from magic
Wands
 C - a wand of flame (18)
Scrolls
 d - a scroll of blinking {unknown}
 e - a scroll of random uselessness {unknown}
 g - 2 scrolls of fear {unknown}
 h - 5 scrolls of identify {unknown}
 p - 2 scrolls of enchant armour {unknown}
 v - 2 scrolls of noise {unknown}
 w - 5 scrolls of remove curse
 x - 2 scrolls of magic mapping {unknown}
 y - 2 scrolls of enchant weapon {unknown}
Potions
 j - a potion of invisibility {unknown}
 m - 2 potions of lignification
 q - a potion of degeneration {unknown}
 u - a potion of agility {unknown}
 z - a potion of brilliance {unknown}
 A - a potion of haste {unknown}
 B - 2 potions of flight {unknown}
 F - a potion of berserk rage {unknown}
Comestibles
 f - 7 rations


   Skills:
 + Level 3.6 Fighting
 * Level 7.1 Short Blades
 + Level 4.1 Throwing
 * Level 5.4 Armour
 * Level 6.6 Dodging
 + Level 4.1 Stealth


You had 8 spell levels left.
You didn't know any spells.
Your spell library contained the following spells:

 Spells                   Type           Power        Failure   Level  Hunger
 Shock                    Conj/Air       #...         45%         1    ##.....
 Swiftness                Chrm/Air       #.......     58%         2    ###....
 Static Discharge         Conj/Air       #.......     83%         3    ####...
 Airstrike                Air            #.........   99%         4    #####..
 Lightning Bolt           Conj/Air       #.........   100%        5    ######.


Dungeon Overview and Level Annotations

Branches:
Dungeon (6/15)             Temple (1/1) D:5

Altars:
Ashenzari
Cheibriados
Dithmenos
Elyvilon
Fedhas
Gozag
Hepliaklqana
Kikubaaqudgha
Makhleb
Nemelex Xobeh
Okawaru
Qazlal
Ru
Sif Muna
Trog
Uskayaw
Vehumet
Wu Jian
Xom
Yredelemnul
Zin
The Shining One

Shops:
D:4 !


Innate Abilities, Weirdness & Mutations

You are small and have problems with some larger weapons.
You are somewhat resistant to further mutation.


Message History

The orc warrior hits you but does no damage.
You hit the orc warrior but do no damage.
The orc warrior is almost dead.
You hit the orc warrior but do no damage.
The orc warrior is almost dead.
The orc warrior hits you but does no damage.
You closely miss the orc warrior.
The orc warrior is almost dead.
The orc warrior hits you but does no damage.
You hit the orc warrior but do no damage.
The orc warrior is almost dead.
The orc warrior hits you with a +0 dire flail of crushing!
* * * LOW HITPOINT WARNING * * *
x2 You hit the orc warrior.
You kill the orc warrior!
You are near starving!
Deactivating autopickup; reactivate with Ctrl-A.
You barely miss something. Something hits you but does no damage.
You are electrocuted!
You die...

############
#..........#
######..........# .
#..♣{Yo.........#
...#.###≈o.........#
.....###.#......######
.....o†o.#...........#
.......o.$#.#########.#
..#.....#.#.# #.## #
#..#....#.# #..( #.
.....#.# #... #
###...#.# #(..


You could see a sky beast and 2 orcs.

Vanquished Creatures
  Menkaure (D:5)
  An ice beast (D:5)
  2 orc warriors (D:6)
  A sky beast (D:5)
  2 ogres (D:6)
  A centaur (D:5)
  A scorpion (D:6)
  2 crimson imps
  A bullfrog zombie (D:5)
  2 jellies (D:6)
  2 orc priests
  3 hounds
  Crazy Yiuf (D:2)
  A bullfrog skeleton (D:5)
  6 orc wizards
  A worker ant (D:5)
  A hound skeleton (D:4)
  A worker ant zombie (D:5)
  8 adders
  4 gnolls (D:6)
  An adder zombie (D:5)
  An adder skeleton (D:3)
  5 worms
  A dart slug (D:2)
  6 leopard geckos
  28 orcs
  A ball python (D:1)
  5 bats
  2 giant cockroaches
  10 hobgoblins
  8 jackals
  5 quokkas
  2 frilled lizards (D:4)
  5 goblins
  7 kobolds
  A quokka skeleton (D:4)
  A quokka zombie (D:6)
  12 rats
143 creatures vanquished.

Notes
Turn   | Place    | Note
-------+----------+-------------------------------------------
     0 | D:1      | Borgoz the Halfling Gladiator began the quest for the Orb.
     0 | D:1      | Reached XP level 1. HP: 14/14 MP: 1/1
   150 | D:1      | Reached XP level 2. HP: 9/19 MP: 2/2
   445 | D:1      | Reached skill level 1 in Armour
   514 | D:1      | Reached XP level 3. HP: 18/24 MP: 3/3
   830 | D:2      | Reached skill level 4 in Short Blades
  1079 | D:2      | Reached skill level 1 in Stealth
  1294 | D:2      | Reached XP level 4. HP: 29/29 MP: 4/4
  1546 | D:2      | Found a runed translucent door.
  1547 | D:2      | Noticed Crazy Yiuf
  1844 | D:2      | Killed Crazy Yiuf
  1844 | D:2      | Reached XP level 5. HP: 19/34 MP: 5/5
  2086 | D:3      | Found a shadowy altar of Dithmenos.
  2505 | D:3      | Reached XP level 6. HP: 39/40 MP: 6/6
  3014 | D:4      | Reached skill level 5 in Short Blades
  3279 | D:4      | Found Vuablil's Distillery.
  3452 | D:4      | Reached XP level 7. HP: 40/45 MP: 7/7
  3792 | D:5      | Entered Level 5 of the Dungeon
  3792 | D:5      | Found a staircase to the Ecumenical Temple.
  3793 | D:5      | Noticed Menkaure
  3805 | D:5      | Killed Menkaure
  3805 | D:5      | Reached skill level 5 in Dodging
  3829 | Temple   | Entered the Ecumenical Temple
  3841 | Temple   | Became a worshipper of Ashenzari the Shackled
  4170 | D:5      | Reached XP level 8. HP: 30/52 MP: 8/8
  4384 | D:5      | Reached skill level 6 in Short Blades
  4460 | D:5      | Found a radiant altar of Vehumet.
  5147 | D:6      | Reached skill level 5 in Armour
  5468 | D:6      | Reached XP level 9. HP: 40/57 MP: 9/9
  5590 | D:6      | Reached skill level 7 in Short Blades
  5828 | D:6      | Mangled by an orc wizard

Skill      XL: |  1  2  3  4  5  6  7  8  9 |
---------------+----------------------------+-----
Armour         | 1 2 3 4 5 |  5.4
Fighting       | 2 3 |  3.6
Short Blades   | 4 5 6 7 |  7.1
Stealth        | 1 2 3 4 |  4.1
Dodging        | 4 5 6 |  6.6
Throwing       | 3 4 |  4.1

Action                   |  1- 3 |  4- 6 |  7- 9 || total
-------------------------+-------+-------+-------++-------
Melee: Rapier            |   100 |   311 |   286 ||   697
Throw: Throwing net      |       |     2 |     3 ||     5
       Tomahawk          |       |       |     2 ||     2
Evoke: Wand              |       |       |     1 ||     1
  Use: Potion            |       |     3 |     5 ||     8
 Stab: Sleeping          |     2 |     3 |    10 ||    15
       Held in net/web   |       |       |     3 ||     3
       Distracted        |       |       |     1 ||     1
  Eat: Chunk             |     1 |     7 |     7 ||    15
Armor: Leather armour    |    19 |    61 |    49 ||   129
       Skin              |       |       |     6 ||     6
Dodge: Dodged            |    81 |   287 |   220 ||   588
